 Dungeon Crawl Stone Soup version 0.14-a0-1637-gd423c14 (webtiles) character file.

1960 Piginabag the Insei (level 8, 0/87 HPs)
             Began as a Demonspawn Transmuter on Dec 27, 2013.
             Was an Initiate of Ashenzari.
             Slain by a worker ant (2 damage)
             ... on Level 9 of the Dungeon.
             The game lasted 00:29:40 (7701 turns).

Piginabag the Insei (Demonspawn Transmuter)         Turns: 7701, Time: 00:29:40

HP   0/87        AC 24     Str 12      XL: 8   Next: 72%
MP  17/19        EV  1     Int 13      God: Ashenzari [......]
Gold 268         SH  0     Dex 12 (14) Spells:  2 memorised, 12 levels left

rFire  . . .     SeeInvis .       - Unarmed
rCold  . . .     Clarity  .     k - melded +0 leather armour (curse)
rNeg   + + +     Conserve .     (no shield)
rPois  +         rCorr    .     (no helmet)
rElec  .         rRot     .     (cloak currently unavailable)
SustAb . .       Spirit   .     (gloves currently unavailable)
rMut   .         Warding  .     (boots currently unavailable)
Saprov . . .     NoTele   +     (no amulet)
                                o - +3,+3 ring of slaying
                                r - +1 ring of evasion

@: tree-form, mildly poisoned, very slightly contaminated, hasted, very quick,
slightly resistant to hostile enchantments, stealthy
A: (hooves 0), berserk 1, demonic guardian 1, dopey 1, fast metabolism 1,
regeneration 1, (spiny 0)
a: Renounce Religion


You were on level 9 of the Dungeon.
You worshipped Ashenzari.
Ashenzari was noncommittal.
You were not hungry.
You were an animated tree.
You visited 2 branches of the dungeon, and saw 10 of its levels.

You collected 268 gold pieces.

Inventory:

Missiles
 b - 12 arrows
Armour
 c - a +0 robe
 k - a cursed +0 leather armour (melded)
 y - a +0 leather armour
Comestibles
 m - 2 chokos
 n - 8 sultanas
 w - a rambutan
 C - a sausage
Scrolls
 a - 2 scrolls of curse weapon
 e - 2 scrolls of fog
 h - 3 scrolls of enchant weapon I
 B - a scroll of identify
Jewellery
 o - a +3,+3 ring of slaying (right branch)
 r - a +1 ring of evasion (left branch)
 x - an uncursed ring of fire
Potions
 f - a potion of magic {unknown}
 l - 2 potions of poison {unknown}
 t - 3 potions of restore abilities
 v - a potion of cure mutation {unknown}
Books
 d - a book of Changes

   Spells                             Type                      Level
   *Beastly Appendage                 Transmutation                1
   Sticks to Snakes                   Transmutation                2
   *Spider Form                       Transmutation/Poison         3
   Ice Form                           Ice/Transmutation            4
   Blade Hands                        Transmutation                5


   Skills:
 + Level 3.4 Fighting
 + Level 0.5 Armour
 + Level 4.5 Dodging
 + Level 2.3 Stealth
 + Level 5.2 Unarmed Combat
 + Level 4.8 Spellcasting
 + Level 4.4 Transmutations
 + Level 3.3 Poison Magic


You had 12 spell levels left.
You knew the following spells:

 Your Spells              Type           Power        Failure   Level  Hunger
a - Beastly Appendage     Trmt           ##....       3%          1    N/A
b - Spider Form           Trmt/Pois      ##........   12%         3    N/A

Dungeon Overview and Level Annotations

Branches:
Dungeon (9/16)             Temple (1/1) D:6
    Orc: D:9-12        Lair: D:8-11

Altars:
Ashenzari
Cheibriados
Elyvilon
Fedhas
Makhleb
Nemelex Xobeh
Okawaru
Sif Muna
Trog
Vehumet
Xom
Yredelemnul
Zin
the Shining One

Shops:
D:9 [

Annotations:
D:7 Dowan, Duvessa


Innate Abilities, Weirdness & Mutations

A weak demonic guardian rushes to your aid.
((You are mostly covered in sharp spines.))*
((You have large cloven feet.))*
You tend to lose your temper in combat.
You are dopey. (Int -2)
You have a fast metabolism.
Your natural rate of healing is unusually fast.


Message History

* * * LOW HITPOINT WARNING * * *
You feel sick.
Found 2 scrolls labeled OLUXZE BLEE.
Drink which item? (? for menu, Esc to quit)
Your transformation has ended.
Your cursed +0 leather armour unmelds from your body.
You turn into an animated tree.
Your cursed +0 leather armour melds into your body.
Your roots penetrate the ground.
It was a potion of lignification.
It'd take too long for a potion to reach your roots.
You closely miss the quasit.
The quasit is heavily wounded.
The quasit bites you but does no damage.
The quasit claws you but does no damage.
You smack the quasit!
You kill the quasit!
You smack the worker ant!
The worker ant is almost dead.
The worker ant bites you.
You die...

#G#.# #
#.∩.#.# #
#.<...#
#.#%#####
#..###.#.##
.......?..#
.......#5.#
#?##..#.a#
#...♣.#
#.....#
?.f......#
..........
.........##
........#
.......#
#####.# .


You could see a giant eyeball, a worker ant and a friendly iron imp.

Vanquished Creatures
  The ghost of Piginabag the Ducker, an average DsTm (D:4)
  Menkaure (D:7)
  2 ogres
  An ice beast (D:7)
  2 centaurs (D:6)
  A sky beast (D:7)
  2 giant frogs
  A crimson imp (D:6)
  2 iguanas
  A quasit (D:9)
  An orc priest (D:6)
  A hound (D:6)
  3 orc wizards (D:4)
  7 worker ants
  Ijyb (D:6)
  An ogre skeleton (D:4)
  A hound skeleton (D:5)
  A worker ant zombie (D:5)
  4 gnolls
  11 adders
  A giant mite (D:3)
  5 worms
  An adder zombie (D:5)
  6 giant geckos
  3 oozes
  6 orcs
  3 ball pythons
  5 giant cockroaches
  9 hobgoblins
  A quokka (D:3)
  10 bats
  5 giant newts
  8 goblins
  A hobgoblin zombie (D:7)
  11 jackals
  13 kobolds
  A quokka zombie (D:5)
  10 rats
144 creatures vanquished.

Vanquished Creatures (collateral kills)
  An ogre (D:7)
  2 crimson imps
  A worker ant (D:5)
  An adder (D:3)
  3 orcs (D:4)
8 creatures vanquished.

Vanquished Creatures (others)
  8 crimson imps
  7 iron imps
  12 lemures
  6 white imps
  10 ufetubi
43 creatures vanquished.

Grand Total: 195 creatures vanquished

Notes
Turn   | Place    | Note
--------------------------------------------------------------
     0 | D:1      | Piginabag, the Demonspawn Transmuter, began the quest for the Orb.
     0 | D:1      | Reached XP level 1. HP: 15/15 MP: 3/3
   488 | D:1      | Gained mutation: You are partially covered in sharp spines. [demonic ancestry]
   488 | D:1      | Reached XP level 2. HP: 16/21 MP: 2/4
   693 | D:3      | Reached skill level 3 in Unarmed Combat
   803 | D:3      | Gained mutation: A weak demonic guardian rushes to your aid. [demonic ancestry]
   803 | D:3      | Reached XP level 3. HP: 14/26 MP: 6/6
  1065 | D:1      | Learned a level 3 spell: Spider Form
  1839 | D:2      | Reached XP level 4. HP: 28/32 MP: 5/7
  2622 | D:3      | Gained mutation: You are mostly covered in sharp spines. [demonic ancestry]
  2622 | D:3      | Reached XP level 5. HP: 34/37 MP: 6/9
  3524 | D:4      | Found a burning altar of Makhleb.
  3582 | D:4      | Reached skill level 1 in Stealth
  3877 | D:4      | Noticed Piginabag's ghost (average DsTm)
  4252 | D:4      | Killed Piginabag's ghost
  4252 | D:4      | Reached skill level 1 in Poison Magic
  4252 | D:4      | Reached XP level 6. HP: 23/44 MP: 9/12
  5048 | D:4      | Reached skill level 4 in Unarmed Combat
  5250 | D:4      | Reached XP level 7. HP: 49/49 MP: 12/15
  5594 | D:5      | Entered Level 5 of the Dungeon
  5829 | D:5      | Noticed a troll
  5960 | D:5      | Noticed a reindeer
  6143 | D:6      | Noticed Ijyb
  6158 | D:6      | Killed Ijyb
  6326 | D:6      | Found a staircase to the Ecumenical Temple.
  6365 | Temple   | Entered the Ecumenical Temple
  6409 | Temple   | Became a worshipper of Ashenzari the Shackled
  6482 | D:6      | Reached XP level 8. HP: 38/57 MP: 13/17
  6660 | D:6      | Found a blossoming altar of Fedhas.
  7095 | D:6      | Reached skill level 5 in Unarmed Combat
  7354 | D:7      | Noticed Duvessa
  7355 | D:7      | Noticed Dowan
  7525 | D:7      | Gained mutation: You tend to lose your temper in combat. [potion of mutation]
  7525 | D:7      | Gained mutation: You have a fast metabolism. [potion of mutation]
  7525 | D:7      | Gained mutation: You have large cloven feet. [potion of mutation]
  7589 | D:7      | Noticed Menkaure
  7596 | D:7      | Killed Menkaure
  7631 | D:7      | Noticed a spriggan baker
  7664 | D:8      | Found a deep blue altar of Sif Muna.
  7678 | D:9      | Found Bopatocs' Armour Boutique.
  7684 | D:9      | HP: 1/58 [worker ant (4)]
  7692 | D:9      | HP: 2/58 [poisoned by a worker ant]
  7695 | D:9      | Gained mutation: You are dopey. (Int -2) [potion of mutation]
  7695 | D:9      | Gained mutation: Your natural rate of healing is unusually fast. [potion of mutation]
  7697 | D:9      | HP: 1/58 [poisoned by a worker ant]
  7701 | D:9      | Slain by a worker ant

Action                   |  1- 3 |  4- 6 |  7- 9 || total
-------------------------+-------+-------+-------++-------
Melee: Unarmed           |   101 |   143 |   228 ||   472
 Cast: Beastly Appendage |     6 |     7 |    13 ||    26
       Spider Form       |     4 |    23 |    25 ||    52
  Use: Scroll            |       |     6 |     6 ||    12
       Potion            |       |       |     6 ||     6
 Stab: Sleeping          |     2 |     1 |     1 ||     4
